 Dungeon Crawl Stone Soup version 0.29.1-13-g9f3cf754e1 (webtiles) character file.

Game seed: 16846781055455581793

389 112233 the Magician (level 6, 0/27 HPs)
             Began as a Felid Air Elementalist on Feb 9, 2023.
             Was an Initiate of Gozag.
             Slain by a centaur
             ... wielding a +0 flail
              (3 damage)
             ... on level 5 of the Dungeon.
             The game lasted 00:06:32 (6961 turns).

112233 the Magician (Felid Air Elementalist)        Turns: 6961, Time: 00:06:32

Health: 0/27       AC:  2    Str:  2    XL:     6   Next: 50%
Magic:  7/14       EV: 18    Int: 18    God:    Gozag
Gold:   225        SH:  0    Dex: 13    Spells: 3/15 levels left
                                        Lives:  0   Deaths: 1

rFire   . . .      SeeInvis +   (weapon unavailable)
rCold   . . .      Faith    .   (shield unavailable)
rNeg    . . .      Spirit   .   (body armour unavailable)
rPois   .          Reflect  .   (helmet unavailable)
rElec   .          Harm     .   (cloak unavailable)
rCorr   .          Rampage  .   (gloves unavailable)
Will    .....                   (boots unavailable)
Stlth   ++........              (no amulet)
HPRegen 0.09/turn               (no ring)
MPRegen 0.14/turn               (no ring)

@: quick
A: very small, claws 1, fangs 3, see invisible, speed 1, shaggy fur 2, stealthy
paws, no weapons or thrown items, no armour, multi-lived, clumsy 2, weak 1
a: Renounce Religion, Potion Petition, Call Merchant, Bribe Branch


You were on level 5 of the Dungeon.
You worshipped Gozag.
Gozag was aware of your devotion.
You visited 1 branch of the dungeon, and saw 5 of its levels.

You collected 286 gold pieces.
You paid 61 gold pieces to Gozag.

Inventory:

Wands
 i - a wand of iceblast (10)
 q - a wand of mindburst (8)
Scrolls
 c - 4 scrolls of teleportation {unknown}
 h - 2 scrolls of identify {unknown}
 m - 4 scrolls of immolation {unknown}
 n - a scroll of silence {unknown}
 o - a scroll of magic mapping {unknown}
Potions
 a - 2 potions of magic
 b - a potion of cancellation {unknown}
 d - 2 potions of degeneration
 g - a potion of attraction


   Skills:
 + Level 2.6 Fighting
 + Level 4.6 Dodging
 - Level 2.6 Stealth
 * Level 5.2 Spellcasting
 - Level 0.8 Conjurations
 + Level 4.3 Air Magic


You had 3 spell levels left.
You knew the following spells:

 Your Spells              Type           Power      Damage    Failure   Level
a - Shock                 Conj/Air       56%        1d6       4%          1
b - Static Discharge      Conj/Air       14%        3-5/arc   7%          2
c - Airstrike             Air            10%        2d(2-18)  22%         4
d - Swiftness             Air            20%        N/A       7%          3
e - Poisonous Vapours     Pois/Air       24%        N/A       9%          2

Your spell library contained the following spells:

 Spells                   Type           Power      Damage    Failure   Level
 Apportation              Tloc           8%         N/A       13%         1
 Beastly Appendage        Tmut           8%         N/A       13%         1
 Necrotise                Necr           16%        1d4       13%         1
 Summon Small Mammal      Summ           16%        N/A       13%         1
 Mephitic Cloud           Conj/Pois/Air  10%        N/A       19%         3
 Wereblood                Tmut           4%         N/A       21%         2
 Ignite Poison            Fire/Tmut/Pois 4%         N/A       36%         3
 Spider Form              Tmut/Pois      4%         N/A       36%         3
 Freezing Cloud           Conj/Ice/Air   5%         6-21      87%         5
 Borgnjor's Vile Clutch   Necr/Erth      2%         N/A       98%         5
 Death Channel            Necr           2%         N/A       100%        6
 Corpse Rot               Necr/Pois/Air  Unusable   N/A       N/A         4
 Animate Dead             Necr           Unusable   N/A       N/A         4

Dungeon Overview and Level Annotations

Branches:
Dungeon (5/15)             Temple (0/1) D:4

Altars:
Gozag
Ru
Wu Jian
Zin

Annotations:
D:2 Robin
D:3 1 runed translucent door, Crazy Yiuf


Innate Abilities, Weirdness & Mutations

You have sharp claws.
You have razor-sharp teeth.
You have supernaturally acute eyesight. (SInv)
You cover ground quickly. (Speed+)
You are covered in thick fur. (AC +2)
Your paws help you pounce on unaware monsters.
You are incapable of wielding weapons or throwing items.
You cannot wear armour.
You gain extra lives every three experience levels.
You are very clumsy. (Dex -4)
You are weak. (Str -2)


Message History

Confirm with . or Enter, or press ? or * to list all spells.
Aiming: Shock (safe; 4% risk of failure)
Press: ? - help, Shift-Dir - straight line, f/p - ufetubus
Aim: an ufetubus (moderately wounded, 53% to hit)
The zap hits the ufetubus.
You kill the ufetubus!
Casting: Shock (safe; 4% risk of failure)
Confirm with . or Enter, or press ? or * to list all spells.
You can't see any susceptible monsters within range! (Use Z to cast anyway.)
A centaur is nearby!
A centaur is nearby!
A centaur is nearby!
The centaur shouts!
The centaur unwields a +0 shortbow.
The centaur wields a +0 flail.
The centaur hits you with a +0 flail! The centaur kicks you.
Unknown command.
Casting: Shock (safe; 4% risk of failure)
Confirm with . or Enter, or press ? or * to list all spells.
The centaur is struck by an arc of lightning!
The centaur is moderately wounded.
You are struck by an arc of lightning.
The lightning grounds out.
The centaur barely misses you. x2
The centaur hits you with a +0 flail!
* * * LOW HITPOINT WARNING * * *
The centaur completely misses you. The centaur misses you.
The centaur closely misses you.
Unknown command.
Unknown command.
Unknown command.
Casting: Static Discharge (safe; 7% risk of failure)
Confirm with . or Enter, or press ? or * to list all spells.
The centaur is struck by an arc of lightning.
The centaur is heavily wounded.
You are struck by an arc of lightning.
* * * LOW HITPOINT WARNING * * *
The lightning grounds out.
The centaur closely misses you. The centaur misses you.
The centaur closely misses you. The centaur kicks you.
You die...
Your body crumbles into a pile of gold.

$ .# .. .... .#
.... .# ....c ..#
...... ..# ......
##.#
......##..#######
......c@........#
....$...........#
................#
................#
...>............+
$
................#
###.............#
.#
#..............#
.# ..#
#..............#
.#


You could see a centaur.

Vanquished Creatures
  A wyvern (D:5)
  A scorpion (D:4)
  A necrophage (D:4)
  2 orc priests (D:4)
  3 orc wizards (D:4)
  3 gnolls (D:4)
  10 adders
  An ufetubus (D:5)
  2 dart slugs
  A worm (D:3)
  3 orcs (D:4)
  8 ball pythons
  4 bats
  5 endoplasms
  5 giant cockroaches
  10 goblins
  7 hobgoblins
  7 jackals (D:4)
  2 kobolds
  5 quokkas
  3 frilled lizards
  4 rats
88 creatures vanquished.

Vanquished Creatures (others)
  A fungus (D:2)
  A plant (D:2)
2 creatures vanquished.

Grand Total: 90 creatures vanquished

Notes
Turn   | Place    | Note
-------+----------+-------------------------------------------
     0 | D:1      | 112233 the Felid Air Elementalist began the quest for the
                  | Orb.
     0 | D:1      | Reached XP level 1. HP: 7/7 MP: 4/4
   299 | D:1      | Reached XP level 2. HP: 11/11 MP: 0/6
  1047 | D:1      | Reached skill level 3 in Spellcasting
  1047 | D:1      | Reached XP level 3. HP: 6/14 MP: 2/8
  1314 | D:1      | Learned a level 2 spell: Static Discharge
  1692 | D:2      | Noticed Robin
  1924 | D:2      | Found an ornate altar of the Wu Jian Council.
  2109 | D:2      | Reached XP level 4. HP: 15/18 MP: 0/10
  2368 | D:1      | Learned a level 4 spell: Airstrike
  2647 | D:2      | Found a faded altar of an unknown god.
  3426 | D:3      | Reached XP level 5. HP: 9/21 MP: 1/11
  3793 | D:3      | Found a sacrificial altar of Ru.
  4009 | D:3      | Found a runed translucent door.
  4010 | D:3      | Noticed Crazy Yiuf
  4230 | D:4      | Reached skill level 1 in Fighting
  4230 | D:4      | Reached skill level 4 in Spellcasting
  4849 | D:4      | Gained mutation: You are clumsy. (Dex -2) [potion of
                  | mutation]
  4849 | D:4      | Gained mutation: You are very clumsy. (Dex -4) [potion of
                  | mutation]
  4849 | D:4      | Gained mutation: You are weak. (Str -2) [potion of
                  | mutation]
  4864 | D:4      | Gained mutation: You are covered in thick fur. (AC +2)
                  | [Felid growth]
  4864 | D:4      | Reached XP level 6. HP: 14/26 MP: 9/13
  5756 | D:4      | Learned a level 3 spell: Swiftness
  5759 | D:4      | Learned a level 2 spell: Poisonous Vapours
  5830 | D:4      | Found an opulent altar of Gozag.
  5830 | D:4      | Found a glowing silver altar of Zin.
  5850 | D:4      | Became a worshipper of Gozag Ym Sagoz the Greedy
  6341 | D:4      | Found a staircase to the Ecumenical Temple.
  6409 | D:5      | Entered Level 5 of the Dungeon
  6423 | D:5      | Shot with an arrow by a centaur
  6424 | D:5      | Reached XP level 5. HP: 0/22 MP: 11/13
  6424 | D:5      | Noticed a wyvern
  6429 | D:5      | HP: 1/22 [wyvern (19)]
  6432 | D:5      | Killed a wyvern
  6433 | D:5      | Reached skill level 5 in Spellcasting
  6433 | D:5      | Reached XP level 6. HP: 1/27 MP: 10/14
  6961 | D:5      | Slain by a centaur

Illustrated notes

Levels and vault maps discovered:
D:1:      evilmike_arrival_hilbert_curve, layout_basic
D:2:      layout_basic, basic_altar, dreamdust_ecumenical_altar_grove,
          minmay_misc_feat_x, uniq_robin
D:3:      layout_loops_ring, nicolae_ru_the_path_less_chosen,
          uniq_crazy_yiuf_cottage
D:4:      layout_rooms, grunt_temple_overflow_gold_and_silver,
          minmay_temple_entry_enclosed_plants, portal_sewer_entry_e
D:5:      layout_basic, chequers_hall_statues_y, fountainhead

Skill      XL: |  1  2  3  4  5  6 |
---------------+-------------------+-----
Air Magic      | 3 4 |  4.3
Spellcasting   | 3 5 |  5.2
Dodging        | 3 4 |  4.6
Fighting       | 1 2 |  2.6
Stealth        | |  2.6
Conjurations   | |  0.8

Action                   |  1- 3 |  4- 6 || total
-------------------------+-------+-------++-------
Melee: Unarmed           |     7 |     5 ||    12
       Bite              |       |     1 ||     1
 Cast: Shock             |    90 |   120 ||   210
       Static Discharge  |     1 |    31 ||    32
       Poisonous Vapours |       |     1 ||     1
Evoke: Wand              |       |     5 ||     5
  Use: Potion            |       |     8 ||     8
       Scroll            |       |     3 ||     3
Armor: Skin              |     4 |    25 ||    29
Dodge: Dodged            |    17 |    51 ||    68
